 Dungeon Crawl Stone Soup version 0.29.1-13-g9f3cf754e1 (webtiles) character file.

Game seed: 5302498795833248373

758 croobank the Covert (level 7, -14/50 HPs)
             Began as an Octopode Delver on Feb 8, 2023.
             Was an Initiate of Gozag.
             Demolished by Duvessa
             ... wielding a +4 short sword of venom
              (20 damage)
             ... on level 5 of the Dungeon.
             The game lasted 00:12:10 (6322 turns).

croobank the Covert (Octopode Delver)               Turns: 6322, Time: 00:12:10

Health: -14/50     AC:  1    Str: 12    XL:     7   Next: 80%
Magic:  7/7        EV: 14    Int: 14    God:    Gozag
Gold:   168        SH:  0    Dex: 13    Spells: 6/6 levels left

rFire   . . .      SeeInvis .   r - +2 quarterstaff
rCold   . . .      Faith    .   (shield currently unavailable)
rNeg    . . .      Spirit   .   (helmet restricted)
rPois   .          Reflect  .   (no amulet)
rElec   .          Harm     .   g - ring of wizardry
rCorr   .          Rampage  .   h - ring of willpower
Will    +....                   (no ring)
Stlth   +++++.....              (no ring)
HPRegen 0.16/turn               (no ring)
MPRegen 0.10/turn               (no ring)
                                (no ring)
                                (no ring)

@: lethally poisoned (-14 -> -42)
A: almost no armour, amphibious, 8 rings, camouflage 1, gelatinous body 1,
(nimble swimmer 1), tentacles
a: Renounce Religion, Potion Petition, Call Merchant, Bribe Branch


You were on level 5 of the Dungeon.
You worshipped Gozag.
Gozag was aware of your devotion.
You visited 2 branches of the dungeon, and saw 7 of its levels.

You collected 264 gold pieces.
You paid 96 gold pieces to Gozag.

Inventory:

Hand Weapons
 a - a +0 hand axe
 n - a +0 trident
 r - a +2 quarterstaff (weapon)
 s - a +0 war axe
Jewellery
 g - a ring of wizardry (left tentacle)
 h - a ring of willpower (right tentacle)
Wands
 f - a wand of digging (3)
 t - a wand of charming (4)
Scrolls
 b - 6 scrolls of fog
 e - a scroll of enchant armour
 i - 3 scrolls of vulnerability
 l - 2 scrolls of noise
 m - 2 scrolls of magic mapping
 o - 2 scrolls of amnesia
 q - 2 scrolls of teleportation
 u - a scroll of blinking
Potions
 c - a potion of brilliance
 d - 2 potions of resistance {unknown}
 j - 3 potions of flight
 k - a potion of mutation {unknown}
 p - 3 potions of curing {unknown}
 w - 2 potions of heal wounds
 x - a potion of haste


   Skills:
 + Level 5.1 Fighting
 - Level 3.6 Axes
 + Level 2.4 Staves
 + Level 4.5 Dodging
 + Level 8.9 Stealth


You had 6 spell levels left.
You didn't know any spells.
Your spell library contained the following spells:

 Spells                   Type           Power      Damage    Failure   Level
 Apportation              Tloc           0%         N/A       12%         1
 Beastly Appendage        Tmut           0%         N/A       12%         1
 Necrotise                Necr           0%         1d4       12%         1
 Summon Small Mammal      Summ           0%         N/A       12%         1
 Wereblood                Tmut           0%         N/A       17%         2
 Dazzling Flash           Conj/Hex       0%         N/A       32%         3
 Spider Form              Tmut/Pois      0%         N/A       32%         3
 Agony                    Necr           0%         N/A       95%         5
 Silence                  Hex/Air        0%         N/A       95%         5


Dungeon Overview and Level Annotations

Branches:
Dungeon (6/15)             Temple (1/1) D:5

Altars:
Ashenzari
Cheibriados
Elyvilon
Fedhas
Gozag
Kikubaaqudgha
Makhleb
Nemelex Xobeh
Okawaru
Qazlal
Ru
Sif Muna
Trog
Uskayaw
Vehumet
Wu Jian
Xom
Yredelemnul
Zin

Shops:
D:2 !

Annotations:
D:3 Ijyb
D:5 Duvessa
D:6 Pikel


Innate Abilities, Weirdness & Mutations

You cannot wear most types of armour.
You are amphibious.
You can wear up to eight rings at the same time.
Your skin changes colour to match your surroundings (Stealth+).
Your rubbery body absorbs attacks. (AC +1, EV +1)
((You are camouflaged when in or above water. (Stealth+)))
You have tentacles for arms and can constrict up to eight enemies at once.


Message History

What are your orders? t - Shout!
Orders for allies: a - Attack new target. r - Retreat! s - Stop attacking. g - Guard the area. f - Follow me.
Anything else - Cancel.
Retreat in which direction?
Press: ? - help, Dir - move target, f - you
Okay, then.
Duvessa rages.
You hear a shout!
Duvessa is no longer charmed.
Duvessa hits you with a +4 short sword of venom!!
You hit Duvessa. You grab Duvessa.
Duvessa is severely wounded.
You constrict Duvessa.
Duvessa hits you with a +4 short sword of venom!
* * * LOW HITPOINT WARNING * * *
You are lethally poisoned!
Duvessa hits you with a +4 short sword of venom!
* * * LOW HITPOINT WARNING * * *
You feel much better.
You constrict Duvessa, but do no damage.
You feel very sick. Duvessa completely misses you.
You hit Duvessa but do no damage. You squeeze Duvessa!
Duvessa is almost dead.
You constrict Duvessa.
You feel sick. Duvessa misses you. Duvessa hits you but does no damage.
You are more poisoned.
You hit Duvessa but do no damage.
Duvessa is almost dead.
You constrict Duvessa, but do no damage.
You feel very sick.
Duvessa hits you with a +4 short sword of venom!
* * * LOW HITPOINT WARNING * * *
You are more poisoned.
Duvessa hits you with a +4 short sword of venom!!
You die...
Your body crumbles into a pile of gold.

**,,,,,,#.......## ####.
*,,,,,,*##.#.....######.
*,,,,,$* ####.....#.....
###**,,*,** #...........###
##.#####*,*###.......##.#*#.
#....#.#***#.......########.
#....#.#####........#.##.#..
#........##.e...............
###....#...#.@........##[#..<.
#......##..#...)....##..###...
###...........................
#............>....#.#..###...
##...#....###...###.#...###..
######...#....####.#(...#..#
###......# #...........
#.....## #...........
####...## ##..#.#......


You could see Duvessa (berserk).

Vanquished Creatures
  Grinder (D:5)
  An ogre (D:5)
  A scorpion (D:4)
  An iron imp (D:3)
  2 hounds
  3 iguanas
  6 adders
  A shadow imp (D:5)
  2 white imps (D:6)
  An ufetubus (D:4)
  A worm (D:5)
  4 dart slugs
  5 orcs
  11 endoplasms
  4 giant cockroaches
  2 goblins (D:2)
  4 hobgoblins
  12 jackals
  6 quokkas
  7 ball pythons
  8 bats
  5 frilled lizards
  9 kobolds
  9 rats
106 creatures vanquished.

Vanquished Creatures (collateral kills)
  A scorpion (D:5)
  Dowan (D:5)
  2 orc priests (D:5)
  An orc (D:5)
5 creatures vanquished.

Grand Total: 111 creatures vanquished

Notes
Turn   | Place    | Note
-------+----------+-------------------------------------------
     0 | D:5      | croobank the Octopode Delver began the quest for the Orb.
     0 | D:5      | Reached XP level 1. HP: 16/16 MP: 1/1
     5 | D:6      | Noticed a scorpion
     6 | D:6      | Reached XP level 2. HP: 21/21 MP: 2/2
    50 | D:5      | Noticed an ogre
    64 | D:5      | Noticed Grinder
    75 | D:4      | Noticed a scorpion
   296 | D:4      | Reached skill level 7 in Stealth
   296 | D:4      | Reached XP level 3. HP: 26/26 MP: 3/3
   316 | D:4      | Found an ornate altar of the Wu Jian Council.
   509 | D:2      | Reached XP level 4. HP: 28/31 MP: 4/4
  1811 | D:1      | Found a faded altar of an unknown god.
  1868 | D:1      | Reached XP level 5. HP: 35/37 MP: 5/5
  2726 | D:2      | Found an ancient bone altar of Kikubaaqudgha.
  2910 | D:2      | Found Deaniven's Distillery.
  3060 | D:3      | Found a snail-covered altar of Cheibriados.
  3655 | D:3      | Noticed Ijyb
  3669 | D:3      | HP: 1/37 [something (4)]
  4558 | D:4      | Reached XP level 6. HP: 19/43 MP: 6/6
  4848 | D:4      | Reached skill level 8 in Stealth
  5788 | D:6      | Reached skill level 1 in Staves
  5875 | D:6      | Noticed Pikel
  6002 | D:5      | Found a staircase to the Ecumenical Temple.
  6019 | D:5      | Reached XP level 7. HP: 49/49 MP: 7/7
  6025 | D:5      | Killed Grinder
  6030 | Temple   | Entered the Ecumenical Temple
  6153 | Temple   | Became a worshipper of Gozag Ym Sagoz the Greedy
  6282 | D:5      | Noticed Duvessa
  6285 | D:5      | Noticed Dowan
  6293 | D:5      | Killed Dowan
  6294 | D:5      | Reached skill level 5 in Fighting
  6322 | D:5      | Demolished by Duvessa

Illustrated notes

Levels and vault maps discovered:
D:1:      elethiomel_arrival_infinity_welcomes_careful_drivers, layout_basic,
          shapermc_ecumenical_altar_mp_vishouse
D:2:      layout_basic, serial_shops, nicolae_shop_window_shopping, basic_altar,
          minmay_between
D:3:      layout_basic, slow_altar_1, uniq_ijyb, uniq_crazy_yiuf_cottage
D:4:      layout_gridville, nicolae_wu_jian_immortal_techniques,
          minmay_misc_feat_pillars, minivault_5
D:5:      layout_cave_pools, minmay_temple_entry_proselytizer, uniq_duvessa,
          uniq_menkaure, uniq_grinder
D:6:      minmay_diamond_boxcup, layout_rooms, minmay_misc_feat_five,
          lemuel_flamethrower_2, uniq_maggie, uniq_pikel
Temple:   minmay_temple_bridge_d

Skill      XL: |  1  2  3  4  5  6  7 |
---------------+----------------------+-----
Stealth        | 7 8 |  8.9
Dodging        | 3 4 |  4.5
Axes           | 3 |  3.6
Fighting       | 4 5 |  5.1
Staves         | 1 2 |  2.4

Action                   |  1- 3 |  4- 6 |  7- 9 || total
-------------------------+-------+-------+-------++-------
Melee: Hand axe          |    23 |   123 |       ||   146
       Constrict         |     6 |    57 |     2 ||    65
       Tentacles         |     4 |    37 |     3 ||    44
       Punch             |     1 |     4 |       ||     5
       Quarterstaff      |       |    74 |     7 ||    81
Evoke: Wand              |       |     1 |     1 ||     2
  Use: Scroll            |     1 |    13 |     1 ||    15
       Potion            |     1 |     2 |     1 ||     4
 Stab: Sleeping          |     4 |    38 |       ||    42
       Paralysed         |       |     3 |       ||     3
Armor: Skin              |     3 |    12 |     1 ||    16
Dodge: Dodged            |    25 |   110 |     3 ||   138
